AoeStats
← ogipochi_

Socotra

505830529Analyzed
4v4 RM · 22d ago on Sep 11, 2026· 68m 3s· 8 players
Game mode
Random Map
Map size
148×148
Population
200
Speed
Normal
Resources
Standard
Victory
Conquest
Starting age
Dark Age
Ending age
Imperial Age
RankedLock teamsTeams togetherTeam positionsShared explorationLock speedFull tech treeHidden civsTurbo modeCheats
Victory
Defeat
🇨🇳 Franks · China
692
+15
🇨🇳 Magyars · China
689
+15
🇨🇳 Huns · China
678
+32
🇹🇼 Huns · Taiwan
656
+37
🇯🇵 Khitans · Japan
719
-17
🇳🇴 Mapuche · Norway
670
-16
🇹🇷 Khmer · Türkiye
647
-15
🇨🇱 Bohemians · Chile
615
-13
ezerlin
18:34 Feudal Age
34:28 Double-Bit Axe
43:07 Horse Collar
45:36 Castle Age
44:56 Wheelbarrow
50:39 Bow Saw
52:27 Heavy Plow
53:51 Hand Cart
53:57 Man-at-Arms
54:18 Light Cavalry
62:23 Imperial Age
60:01 Loom
60:13 Loom
60:52 Bloodlines
Benny
26:01 Feudal Age
24:50 Loom
26:28 Horse Collar
26:40 Double-Bit Axe
26:49 Gold Mining
28:15 Wheelbarrow
35:56 Castle Age
37:44 Hand Cart
38:06 Heavy Plow
41:16 Gold Shaft Mining
41:42 Husbandry
41:56 Bloodlines
44:08 Bow Saw
46:59 Caravan
47:31 Stone Mining
51:09 Imperial Age
52:31 Cavalier
54:29 Scale Barding Armor
54:54 Forging
54:33 Paladin
61:19 Chain Barding Armor
61:34 Iron Casting
62:17 Two-Man Saw
63:41 Capped Ram
715113342
0:39 Loom
菜鸟驿站
ogipochi_
1:25 Loom
Varg_1960
5:16 Loom
11:14 Feudal Age
27:02 Castle Age
27:54 Town Watch
30:15 Double-Bit Axe
31:38 Horse Collar
33:33 Gold Mining
36:42 Town Patrol
37:08 Elite Skirmisher
38:27 Stone Mining
44:31 Wheelbarrow
44:29 Fletching
46:59 Malon
47:32 Hand Cart
48:27 Heavy Plow
56:56 Imperial Age
55:27 Forging
58:55 Pikeman
60:09 Crop Rotation
60:10 Halberdier
62:32 Conscription
Mapuche Mayer
0:39 Loom
EmreKGvar
2:51 Loom
Connection lost

Rejoining the realm…

Still unreachable

The connection could not be restored.

Session expired

The server has moved on; the page needs a fresh start.